Map: Ulrena

Players

LilDicky - Winner!

  • Race: Terran Terran
  • League: Platinum

frosty

  • Race: Terran Terran
  • League: Diamond

VOD

http://www.twitch.tv/tumescentpie

Description

Time

  • Played on: Nov. 21, 2015, 8:26 p.m.
  • Length: 5:53
Show
View Real Time Build Order
Export as new Build Order

LilDicky Terran - Winner!

Build Orders: 1/1/1, Banshee Rush 

Get SALT Encoding   

  12  0:01  SCV  
  13  0:13  SCV  
  14  0:21  Supply Depot  
  14  0:25  SCV  
  15  0:31  Refinery  
  15  0:43  SCV  
  15  0:47  Barracks  
  16  0:55  SCV  
  17  1:07  SCV  
  18  1:20  SCV  
  19  1:34  Orbital Command  
  19  1:35  Supply Depot, Marine  
  20  1:41  Factory  
  20  1:53  Marine  
  21  2:00  SCV  
  22  2:04  Refinery  
  22  2:12  SCV  
  22  2:14  Marine  
  24  2:24  SCV  
  24  2:27  Factory Tech Lab, Starport  
  25  2:32  Marine  
  26  2:41  SCV  
  27  2:48  Supply Depot  
  27  2:50  Marine  
  28  2:53  SCV  
  29  2:59  Widow Mine  
  31  3:09  SCV, Bunker, Marine  
  31  3:10  Cloaking Field  
  31  3:11  Banshee  
  36  3:27  Marine  
  36  3:44  Marine  
  36  3:45  Factory Tech Lab, SCV  
  38  3:51  Supply Depot  
  38  3:53  Supply Depot  
  38  4:02  Marine  
  37  4:12  Banshee  
  37  4:13  Command Center, Siege Tank  
  43  4:19  SCV  
  43  4:20  Marine  
  45  4:31  SCV  
  45  4:37  Supply Depot  
  46  4:43  SCV  
  46  4:45  Siege Tank  
  50  4:55  SCV  
  51  5:17  Siege Tank  
  54  5:41  SCV  
  55  5:43  Supply Depot  
Show
View Real Time Build Order
Export as new Build Order

frosty Terran 

Build Orders:  

Get SALT Encoding   

  12  0:01  SCV  
  13  0:13  SCV  
  14  0:18  Supply Depot  
  14  0:25  SCV  
  15  0:39  SCV  
  15  0:41  Barracks  
  16  0:46  Refinery  
  16  0:51  SCV  
  17  1:06  SCV  
  18  1:18  SCV  
  18  1:25  Barracks  
  19  1:26  Barracks  
  19  1:30  Marine  
  20  1:40  Orbital Command  
  20  1:48  Marine  
  21  1:55  Supply Depot  
  21  2:06  Factory  
  21  2:08  SCV  
  22  2:15  Marine  
  22  2:16  Barracks Tech Lab, Marine  
  22  2:22  SCV  
  25  2:34  SCV  
  26  2:39  Supply Depot  
  26  2:41  Marauder, Marine x2  
  30  2:47  SCV  
  31  2:52  Factory Tech Lab  
  31  3:01  SCV, Marine x2  
  31  3:05  Marauder  
  36  3:13  SCV  
  36  3:16  Supply Depot x2  
  37  3:25  SCV  
  37  3:26  Marine  
  37  3:27  Refinery  
  39  3:37  Marine x2  
  39  3:39  Supply Depot  
  40  3:44  Marine  
  40  3:45  Siege Tank  
  40  3:48  SCV  
  45  3:55  Marine  
  45  4:06  Marine x2  
  46  4:16  Command Center  
  46  4:18  Marine  
  46  4:24  SCV, Marine  
  47  4:29  Engineering Bay  
  46  4:36  SCV, Marine x2  
  42  4:49  Marine  
  42  4:50  SCV  
  42  4:54  Marine  
  42  4:58  Marine  
  41  5:06  Marine  
  37  5:11  Marine  
  36  5:16  Marine  
  34  5:24  Marine  
  26  5:45  Missile Turret  
Tags
 
Add a new tag
Caveats
  • Supply blocks, unpowered buildings, or Contaminate may cause inaccurate times.
  • Supply counts are checked every 10 seconds.